 Dungeon Crawl Stone Soup version 0.25-a0-302-g9f758675c1 (webtiles) character file.

Game seed: 5441629123283953374, levelgen mode: classic

1511 Borgoz the Skirmisher (level 8, -12/45 HPs)
             Began as a Gargoyle Gladiator on Dec 21, 2019.
             Was a Follower of Hepliaklqana.
             Killed by divine providence
             ... invoked by an orc priest
              (15 damage)
             ... on level 6 of the Dungeon.
             The game lasted 00:08:46 (7058 turns).

Borgoz the Skirmisher (Gargoyle Gladiator)          Turns: 7058, Time: 00:08:47

Health: -12/45     AC: 10    Str: 18    XL:     8   Next: 83%
Magic:  8/8        EV: 14    Int: 11    God:    Hepliaklqana [*.....]
Gold:   252        SH:  0    Dex: 13    Spells: 7/7 levels left

rFire    . . .     SeeInvis .   a - +0 long sword
rCold    + . .     Gourm    .   (no shield)
rNeg     + . .     Faith    .   b - +0 leather armour
rPois    ∞         Spirit   .   (helmet restricted)
rElec    +         Reflect  .   u - +0 cloak
rCorr    .         Harm     .   (no gloves)
MR       .....                  (no boots)
Stlth    +.........             (no amulet)
HPRegen  0.15/turn              t - ring of protection from cold
MPRegen  0.11/turn              (no ring)

@: no status effects
A: reduced essence, antennae 1, clever 1, negative energy resistance 1,
electricity resistance, unbreathing, petrification resistance, rot immunity, AC
+5
a: Recall Ancestor, Ancestor Identity, Renounce Religion


You were on level 6 of the Dungeon.
You worshipped Hepliaklqana.
Hepliaklqana was aware of your devotion.
You were hungry.

You visited 2 branches of the dungeon, and saw 7 of its levels.

You collected 252 gold pieces.

Inventory:

Hand Weapons
 a - a +0 long sword (weapon)
Missiles
 d - 2 throwing nets (quivered)
Armour
 b - a +0 leather armour (worn)
 u - a +0 cloak (worn)
Jewellery
 t - a ring of protection from cold (left hand)
Wands
 k - a wand of random effects (20)
 q - a wand of polymorph (7)
 v - a wand of flame (16)
 x - a wand of iceblast (3)
Scrolls
 c - 2 scrolls of fear
 e - 7 scrolls of identify
 i - a scroll of amnesia
 l - 4 scrolls of magic mapping
 n - 2 scrolls of fog
 p - 3 scrolls of teleportation {unknown}
 r - 2 scrolls of remove curse
 s - a scroll of blinking
Potions
 g - a potion of brilliance
 h - a potion of mutation
 j - 3 potions of heal wounds
 m - a potion of lignification
 o - a potion of haste
 w - 2 potions of curing
Comestibles
 f - 13 rations


   Skills:
 + Level 6.2 Fighting
 + Level 5.5 Long Blades
 - Level 1.7 Throwing
 + Level 5.6 Armour
 + Level 5.1 Dodging


You had 7 spell levels left.
You didn't know any spells.
Your spell library contained the following spells:

 Spells                   Type           Power        Failure   Level  Hunger
 Corona                   Hex            #......      38%         1    ##.....
 Ensorcelled Hibernation  Hex/Ice        #.....       52%         2    ###....
 Confuse                  Hex            #.......     77%         3    ####...
 Dazzling Flash           Conj/Hex       #.....       77%         3    ####...
 Tukima's Dance           Hex            #.......     77%         3    ####...


Dungeon Overview and Level Annotations

Branches:
Dungeon (6/15)             Temple (1/1) D:5

Altars:
Ashenzari
Cheibriados
Dithmenos
Elyvilon
Fedhas
Gozag
Hepliaklqana
Kikubaaqudgha
Nemelex Xobeh
Okawaru
Qazlal
Ru
Sif Muna
Trog
Uskayaw
Wu Jian
Xom
Yredelemnul
Zin
The Shining One

Annotations:
D:4 2 runed translucent doors, TheNamelessOne's ghost, amateur OpCj


Innate Abilities, Weirdness & Mutations

You are resistant to torment.
Your stone body is resilient. (AC +5)
You are immune to poison.
You resist negative energy. (rN+)
You are resistant to electric shocks. (rElec)
You can survive without breathing.
You are immune to petrification.
You are immune to rotting.
Your life essence is reduced to manifest your ancestor. (-10% HP)
You have a pair of small antennae on your head.
Your mind is acute. (Int +2)


Message History

Tiberia completely misses the orc wizard.
An orc comes into view.
The orc wizard hits Tiberia but does no damage.
You see here a worker ant corpse.
You are too injured to fight recklessly!
You are too injured to fight recklessly!
You are too injured to fight recklessly!
You are too injured to fight recklessly!
You closely miss the orc. The orc misses you.
Tiberia barely misses the orc wizard.
The orc wizard closely misses Tiberia.
Tiberia closely misses the orc wizard.
The orc hits you but does no damage.
You closely miss the orc.
The orc priest invokes the aid of Beogh against you.
Beogh smites you!
* * * LOW HITPOINT WARNING * * *
The orc wizard closely misses Tiberia.
Tiberia barely misses the orc wizard.
The orc closely misses you.
The orc priest mumbles some strange prayers to Beogh against you.
Beogh smites you!
You die...

#...# #.# .#..#
#.####
##..#######....###.#
##.................#
##.########...#####
#.. ##.## ##.# #.#
.# ###>########.# .#
#...oR@oo.o... .#
#.#.#########. .#
#.#.# #.#.# ##.#.##
#####....<####
........#....#
###.....##.#
##.#.###.#


You could see the friendly Tiberia the ancestor, an orc priest, an orc wizard
and 2 orcs.

Vanquished Creatures
  Duvessa (D:5)
  An ice beast (D:5)
  An ogre (D:4)
  A centaur (Temple)
  Dowan (D:5)
  5 killer bees (D:6)
  A howler monkey (D:4)
  2 crimson imps
  A centaur zombie (D:5)
  Crazy Yiuf (D:5)
  2 iguanas
  4 orc priests
  4 bullfrog skeletons
  Ijyb (D:3)
  Terence (D:3)
  3 worker ants
  A hound skeleton (D:4)
  A worker ant zombie (D:5)
  3 gnolls
  8 adders
  An adder skeleton (D:6)
  4 worms
  5 dart slugs
  3 leopard geckos
  14 orcs
  4 giant cockroaches
  6 goblins
  9 hobgoblins
  10 jackals
  6 quokkas
  5 bats
  4 frilled lizards
  4 kobolds
  5 rats
123 creatures vanquished.

Vanquished Creatures (collateral kills)
  A killer bee (D:6)
  A crimson imp (D:6)
  An orc (D:5)
  A jackal skeleton (D:6)
4 creatures vanquished.

Vanquished Creatures (others)
  An ancestor (D:5)
1 creature vanquished.

Grand Total: 128 creatures vanquished

Notes
Turn   | Place    | Note
-------+----------+-------------------------------------------
     0 | D:1      | Borgoz the Gargoyle Gladiator began the quest for the Orb.
     0 | D:1      | Reached XP level 1. HP: 12/12 MP: 1/1
   119 | D:1      | Reached XP level 2. HP: 16/18 MP: 2/2
   577 | D:1      | Reached skill level 1 in Armour
  1012 | D:2      | Reached XP level 3. HP: 20/22 MP: 3/3
  1336 | D:2      | Found an ancient bone altar of Kikubaaqudgha.
  1339 | D:2      | Found a shadowy altar of Dithmenos.
  1448 | D:2      | Found an iron altar of Okawaru.
  1448 | D:2      | Found a hide-covered altar of Uskayaw.
  1453 | D:2      | Found a glowing silver altar of Zin.
  1455 | D:2      | Found a white marble altar of Elyvilon.
  1457 | D:2      | Found a faded altar of an unknown god.
  1990 | D:3      | Noticed Ijyb
  1990 | D:3      | Reached XP level 4. HP: 26/27 MP: 4/4
  1991 | D:3      | Reached skill level 3 in Fighting
  2031 | D:3      | Killed Ijyb
  2250 | D:2      | Reached XP level 5. HP: 12/32 MP: 5/5
  2545 | D:3      | Noticed Terence
  2558 | D:3      | Killed Terence
  3493 | D:4      | Reached XP level 6. HP: 38/38 MP: 6/6
  3714 | D:4      | Reached skill level 4 in Fighting
  3738 | D:4      | Gained mutation: You have a pair of small antennae on your
                  | head. [potion of mutation]
  3738 | D:4      | Gained mutation: Your mind is acute. (Int +2) [potion of
                  | mutation]
  3740 | D:4      | Reached XP level 7. HP: 7/44 MP: 7/7
  4212 | D:4      | Found a runed translucent door.
  4215 | D:4      | Noticed TheNamelessOne's ghost (amateur OpCj)
  4250 | D:4      | Found a runed translucent door.
  4267 | D:4      | Found a shimmering altar of Xom.
  4421 | D:5      | Entered Level 5 of the Dungeon
  4484 | D:5      | Found a staircase to the Ecumenical Temple.
  4497 | D:5      | Noticed Duvessa
  4497 | D:5      | Noticed Dowan
  4506 | Temple   | Entered the Ecumenical Temple
  5502 | Temple   | Became a worshipper of Hepliaklqana the Forgotten
  5561 | D:5      | Killed Duvessa
  5561 | D:5      | Reached skill level 5 in Fighting
  5571 | D:5      | Killed Dowan
  5571 | D:5      | Reached XP level 8. HP: 29/44 MP: 8/8
  5798 | D:5      | Reached skill level 5 in Long Blades
  6172 | D:5      | Found a runed translucent door.
  6173 | D:5      | Noticed Crazy Yiuf
  6359 | D:5      | Killed Crazy Yiuf
  6453 | D:6      | Found a stormy altar of Qazlal.
  6547 | D:6      | Reached skill level 5 in Armour
  6583 | D:6      | Reached skill level 6 in Fighting
  6986 | D:6      | Reached skill level 5 in Dodging
  7015 | D:6      | Reached * piety under Hepliaklqana
  7058 | D:6      | Killed from afar by an orc priest

Levels and vault maps discovered:
D:1:      dpeg_arrival_short_road, layout_loops_corners,
          chequers_serial_rivers_room_a, minmay_misc_feat_tiny
D:2:      layout_basic, chequers_temple_overflow_minitemple,
          nicolae_overflow_hidden_temple, first_ration
D:3:      layout_basic, uniq_terence, uniq_ijyb
D:4:      layout_cave_pods, kennysheep_mini, ebering_ghost_sewer_f
D:5:      layout_loops_ring, minmay_temple_entry_butterflies,
          uniq_crazy_yiuf_cottage, uniq_duvessa
D:6:      layout_loops_ring, grunt_qazlal_clouds, uniq_pikel
Temple:   oiseaux_autumnal_temple

Skill      XL: |  1  2  3  4  5  6  7  8 |
---------------+-------------------------+-----
Armour         | 1 2 3 4 5 |  5.6
Long Blades    | 3 4 5 |  5.5
Fighting       | 3 4 5 6 |  6.2
Dodging        | 3 4 5 |  5.1
Throwing       | |  1.7

Action                   |  1- 3 |  4- 6 |  7- 9 || total
-------------------------+-------+-------+-------++-------
Melee: Long sword        |    92 |   189 |   251 ||   532
Throw: Throwing net      |       |     2 |       ||     2
  Use: Potion            |       |     2 |     3 ||     5
       Scroll            |       |       |     9 ||     9
  Eat: Chunk             |     3 |     6 |    11 ||    20
Armor: Leather armour    |    21 |    79 |    87 ||   187
Dodge: Dodged            |    60 |   160 |   207 ||   427
       Rpst.: Long sword |    19 |    41 |    70 ||   130

Table legend:
 A = Non-vault XP
 B = Vault XP
 C = Vault XP percentage of total XP
 D = Non-vault monster count
 E = Vault monster count
 F = Vault count percentage of total count
                 A         B        C        D         E       F
            +---------+---------+-------+---------+---------+-------
      Total |    1845 |     314 |  14.5 |     122 |       5 |   3.9
            +---------+---------+-------+---------+---------+-------
        D:1 |      33 |       0 |   0.0 |      17 |       0 |   0.0
        D:2 |      85 |       0 |   0.0 |      17 |       0 |   0.0
        D:3 |     117 |      72 |  38.1 |      28 |       2 |   6.7
        D:4 |     403 |       0 |   0.0 |      16 |       0 |   0.0
        D:5 |     440 |     242 |  35.5 |      23 |       3 |  11.5
        D:6 |     611 |       0 |   0.0 |      19 |       0 |   0.0
     Temple |     156 |       0 |   0.0 |       2 |       0 |   0.0
            +---------+---------+-------+---------+---------+-------
